Map: Deathaura LE

Players

Rogue

  • Race: Zerg Zerg
  • Spawn Location: 11:00

Serral - Winner!

  • Race: Zerg Zerg
  • Spawn Location: 5:00

Event: StayAtHome Story Cup #3

VOD

Have the link to the VOD?

Description

Time

  • Played on: March 13, 2021, 12:32 p.m.
  • Length: 19:46

All games in this series

Show
View Real Time Build Order
Export as new Build Order

Rogue Zerg 

Build Orders: Hatch First, Lurkers 

Get SALT Encoding   

  12  0:01  Drone  
  13  0:12  Overlord  
  13  0:17  Drone  
  14  0:31  Drone x2  
  16  0:47  Hatchery  
  15  0:51  Drone  
  15  0:55  Drone  
  17  0:57  Drone  
  18  1:09  Extractor  
  17  1:13  Spawning Pool  
  17  1:16  Drone  
  17  1:19  Drone  
  18  1:28  Drone  
  19  1:38  Drone  
  20  1:49  Drone  
  21  1:59  Queen x2  
  21  2:00  Drone, Overlord  
  26  2:10  Drone  
  26  2:11  Drone, Metabolic Boost  
  28  2:21  Zergling x2  
  28  2:22  Drone  
  30  2:32  Hatchery  
  30  2:34  Drone  
  30  2:40  Queen  
  32  2:45  Drone  
  32  2:49  Baneling Nest  
  32  2:52  Overlord  
  32  2:55  Zergling x2  
  32  2:58  Drone  
  34  2:59  Zergling x2  
  34  3:04  Drone  
  36  3:11  Drone  
  36  3:12  Drone x3  
  40  3:13  Drone  
  40  3:16  Drone  
  42  3:20  Overlord  
  42  3:22  Drone  
  42  3:24  Drone  
  44  3:30  Evolution Chamber  
  44  3:32  Drone  
  44  3:40  Drone x4  
  48  3:43  Baneling  
  48  3:45  Zergling x2  
  48  3:46  Zergling x4  
  51  3:52  Drone x3  
  54  3:56  Zerg Missile Weapons Level 1  
  54  3:57  Drone x2  
  54  3:59  Extractor x2, Overlord  
  54  4:06  Drone  
  55  4:11  Drone  
  55  4:12  Drone x2  
  55  4:15  Lair, Overlord  
  58  4:19  Roach Warren  
  57  4:25  Drone x6  
  57  4:27  Drone  
  57  4:30  Drone x2  
  65  4:35  Drone  
  65  4:37  Drone x2  
  68  4:43  Overlord  
  68  4:48  Overlord x2  
  68  4:49  Drone x3  
  68  4:52  Extractor  
  70  4:53  Pneumatized Carapace  
  70  4:54  Extractor  
  70  4:55  Extractor  
  70  4:56  Drone x3  
  70  4:59  Overlord  
  71  5:05  Drone x3  
  71  5:06  Overlord  
  74  5:11  Drone x3  
  76  5:16  Glial Reconstitution  
  76  5:17  Drone x3  
  76  5:20  Overseer  
  76  5:21  Overseer  
  79  5:23  Roach x4  
  79  5:28  Evolution Chamber, Roach x2  
  90  5:31  Overlord  
  90  5:34  Roach x2  
  94  5:37  Roach  
  94  5:38  Roach  
  98  5:46  Hatchery  
  98  5:48  Roach x2  
  101  5:51  Roach x2  
  101  5:55  Zerg Ground Armor Level 1, Overlord  
  106  5:57  Queen x2  
  106  6:02  Drone x2, Queen  
  114  6:06  Hydralisk Den  
  114  6:08  Zerg Missile Weapons Level 2  
  113  6:13  Drone x2  
  113  6:15  Spore Crawler x2  
  113  6:16  Spore Crawler  
  112  6:20  Spore Crawler  
  112  6:21  Drone x2  
  112  6:22  Drone x2  
  112  6:24  Drone, Spore Crawler  
  115  6:28  Overlord  
  111  6:36  Queen x2  
  115  6:40  Queen, Lurker Den  
  116  6:47  Spore Crawler x2  
  116  6:48  Drone  
  116  6:50  Overlord  
  116  6:51  Roach  
  116  6:53  Spore Crawler, Overlord  
  116  6:55  Overlord  
  116  6:58  Overlord  
  116  7:03  Drone x3  
  116  7:07  Infestation Pit  
  116  7:08  Drone  
  119  7:11  Spore Crawler  
  119  7:14  Queen  
  120  7:16  Queen  
  120  7:19  Hydralisk x3  
  120  7:22  Hydralisk x3  
  135  7:30  Drone x2  
  135  7:35  Evolution Chamber x3  
  133  7:41  Overlord  
  133  7:43  Hive  
  133  7:50  Grooved Spines  
  133  7:58  Queen  
  135  8:01  Queen  
  135  8:03  Lurker  
  135  8:04  Lurker x5  
  135  8:05  Hydralisk x3  
  143  8:06  Hydralisk x3  
  155  8:13  Overlord  
  155  8:25  Drone x2  
  157  8:28  Spore Crawler  
  157  8:29  Spore Crawler  
  157  8:30  Hydralisk x3  
  157  8:31  Overlord x2  
  161  8:34  Overlord  
  161  8:38  Overlord  
  159  8:47  Hatchery  
  157  8:51  Zerg Ground Armor Level 2  
  157  8:54  Spore Crawler x2  
  156  8:58  Viper x3  
  156  8:59  Viper  
  167  9:04  Queen  
  169  9:13  Drone x3  
  169  9:15  Spore Crawler  
  168  9:17  Hatchery, Spore Crawler  
  168  9:19  Evolution Chamber  
  168  9:20  Hydralisk  
  168  9:21  Hydralisk x4  
  168  9:24  Drone x2  
  170  9:38  Evolution Chamber  
  170  9:40  Drone x7  
  149  9:55  Zerg Missile Weapons Level 3, Hydralisk x4  
  149  9:57  Lurker x2  
  159  10:03  Evolution Chamber  
  159  10:06  Lurker  
  155  10:16  Spore Crawler  
  155  10:20  Hydralisk x4  
  162  10:28  Hatchery  
  161  10:32  Evolution Chamber  
  161  10:34  Seismic Spines, Evolution Chamber  
  159  10:36  Drone  
  159  10:37  Drone x2  
  162  10:47  Lurker  
  162  10:48  Lurker  
  164  10:53  Drone x2  
  166  10:58  Hydralisk x5  
  158  11:06  Drone x2  
  158  11:07  Drone x6  
  158  11:10  Lurker  
  162  11:15  Drone x2  
  164  11:21  Spore Crawler  
  163  11:26  Hydralisk x6  
  163  11:31  Extractor  
  159  11:33  Drone, Extractor  
  159  11:40  Drone x4  
  163  11:54  Drone x2  
  165  11:58  Drone  
  166  12:01  Hydralisk  
  166  12:02  Lurker  
  166  12:03  Lurker  
  170  12:09  Adaptive Talons, Muscular Augments  
  170  12:11  Drone x4  
  171  12:23  Lurker x2, Spore Crawler  
  171  12:24  Lurker  
  171  12:26  Hydralisk x2  
  177  12:35  Overseer  
  163  12:40  Hydralisk x3  
  158  12:56  Hydralisk x3  
  158  12:57  Hydralisk x5  
  159  12:59  Drone x8  
  159  13:00  Drone x3  
  159  13:01  Extractor  
  169  13:15  Lurker x3  
  172  13:21  Hydralisk  
  172  13:22  Hydralisk x2  
  178  13:27  Spore Crawler  
  178  13:28  Spore Crawler  
  178  13:29  Spore Crawler, Overseer  
  178  13:30  Overseer x2  
  175  13:43  Lurker x3  
  175  13:47  Hydralisk x2  
  173  14:07  Hydralisk  
  173  14:08  Overlord x3  
  175  14:15  Overlord  
  175  14:16  Viper  
  175  14:17  Viper  
  169  14:19  Overlord  
  175  14:26  Hydralisk x7  
  175  14:29  Overseer  
  175  14:51  Hydralisk x9  
  175  15:14  Zerg Ground Armor Level 3  
  175  15:17  Hydralisk x5  
  185  15:24  Overlord x3  
  185  15:26  Overseer, Overlord  
  185  15:33  Overlord  
  182  15:42  Hydralisk x6  
  181  15:43  Hydralisk x2  
  181  15:48  Hydralisk x2  
  192  16:10  Hatchery  
  185  16:17  Hydralisk Den  
  167  16:33  Overseer x2  
  167  16:41  Hatchery  
  168  16:54  Zergling x2  
  168  17:02  Hydralisk  
  168  17:03  Hydralisk x15  
  168  17:04  Lurker Den  
  189  17:16  Overseer x2  
  163  17:26  Hydralisk x15  
  191  17:36  Overseer  
  191  17:42  Hydralisk  
  193  18:01  Hatchery  
  193  18:04  Hydralisk x8  
  199  18:07  Hydralisk  
  186  18:20  Hydralisk  
  186  18:21  Hydralisk x2  
  188  18:27  Lurker, Overseer  
  188  18:28  Lurker x3  
  188  18:33  Hydralisk x2  
  194  18:42  Hydralisk x2  
  194  18:45  Overseer  
  194  18:46  Extractor  
  194  18:47  Extractor  
  196  18:55  Hydralisk x2  
  194  18:56  Hatchery  
  194  19:02  Hydralisk  
  177  19:07  Overseer  
  179  19:15  Hydralisk x2  
  183  19:23  Overseer  
Show
View Real Time Build Order
Export as new Build Order

Serral Zerg - Winner!

Build Orders: Hatch First, Lurkers, Muta Ling Bane 

Get SALT Encoding   

  12  0:00  Drone  
  13  0:12  Overlord  
  13  0:17  Drone  
  14  0:30  Drone x2  
  16  0:47  Hatchery  
  15  0:51  Drone  
  15  0:54  Drone  
  17  0:57  Drone  
  18  1:08  Extractor  
  17  1:13  Spawning Pool  
  17  1:15  Drone  
  17  1:18  Drone  
  18  1:27  Drone  
  19  1:38  Drone  
  20  1:54  Drone  
  20  1:59  Queen x2  
  20  2:00  Zergling x2, Overlord  
  26  2:08  Metabolic Boost  
  26  2:10  Drone  
  26  2:11  Drone  
  28  2:21  Drone  
  28  2:22  Drone  
  30  2:32  Hatchery  
  30  2:35  Drone  
  30  2:37  Drone  
  31  2:48  Drone  
  31  2:49  Overlord  
  31  2:50  Baneling Nest  
  31  2:54  Drone  
  31  2:55  Drone  
  33  3:04  Zergling x2  
  34  3:07  Drone x2  
  34  3:09  Drone x2  
  34  3:11  Zergling x4  
  40  3:14  Overlord  
  40  3:17  Drone  
  41  3:20  Drone  
  42  3:27  Zergling x2  
  42  3:32  Queen  
  45  3:34  Lair  
  45  3:36  Extractor  
  45  3:38  Evolution Chamber  
  45  3:39  Baneling  
  45  3:40  Drone x2  
  45  3:42  Drone  
  45  3:44  Drone  
  45  3:48  Drone x3  
  49  3:51  Drone  
  51  3:57  Overlord  
  51  3:58  Drone x2, Extractor  
  52  4:04  Zergling x2  
  52  4:06  Zerg Melee Weapons Level 1  
  53  4:10  Drone  
  53  4:14  Zergling x2  
  53  4:15  Overlord  
  53  4:16  Drone x2  
  57  4:17  Drone x2  
  57  4:22  Drone x2  
  57  4:23  Extractor  
  59  4:24  Drone x2  
  59  4:30  Drone x2  
  63  4:36  Spire  
  63  4:37  Drone x2  
  64  4:42  Drone x2  
  64  4:43  Baneling  
  66  4:46  Extractor x2, Drone  
  66  4:48  Drone x3  
  66  4:50  Drone x2  
  70  4:53  Overlord  
  70  4:57  Drone x2  
  71  5:00  Drone x2  
  73  5:11  Overlord  
  73  5:12  Drone x2  
  75  5:15  Drone x3  
  75  5:17  Overlord  
  75  5:20  Hatchery  
  77  5:23  Overlord  
  77  5:24  Overseer  
  77  5:26  Zergling x4  
  79  5:29  Zergling x4  
  79  5:31  Zergling x2  
  82  5:51  Mutalisk x9  
  82  5:56  Zerg Flyer Weapons Level 1  
  100  6:01  Mutalisk  
  100  6:03  Overlord  
  102  6:08  Baneling x2, Overlord x2  
  101  6:15  Drone x2  
  103  6:20  Drone x2  
  103  6:23  Overlord x2  
  103  6:24  Extractor  
  104  6:27  Extractor  
  104  6:30  Mutalisk x3  
  104  6:31  Mutalisk  
  110  6:33  Drone x2  
  110  6:34  Drone x4  
  110  6:35  Queen  
  110  6:37  Overlord  
  110  6:38  Pneumatized Carapace, Overlord  
  118  6:42  Mutalisk  
  120  6:47  Zergling x2  
  120  6:48  Zergling x8  
  125  6:54  Mutalisk  
  127  7:02  Drone x3  
  127  7:07  Centrifical Hooks, Zerg Melee Weapons Level 2  
  130  7:11  Hatchery, Mutalisk  
  132  7:15  Drone x2, Spine Crawler  
  132  7:17  Overlord  
  132  7:21  Zergling x14  
  139  7:23  Overseer x2  
  139  7:28  Overlord  
  139  7:31  Mutalisk x3  
  139  7:33  Baneling x4  
  139  7:36  Overseer  
  145  7:41  Drone x8  
  153  7:47  Overseer  
  153  7:49  Mutalisk x2  
  157  7:54  Drone x2  
  157  7:55  Drone  
  160  8:02  Baneling x13  
  160  8:03  Zergling x14  
  167  8:07  Infestation Pit  
  166  8:14  Drone x6  
  166  8:15  Drone  
  166  8:17  Baneling x6  
  173  8:26  Zergling x2  
  182  8:27  Zergling x16  
  182  8:33  Unknown  
  179  8:34  Mutalisk x3  
  179  8:35  Unknown  
  179  8:37  Hydralisk Den  
  179  8:39  Mutalisk  
  183  8:47  Hive  
  181  8:50  Zergling x2  
  181  8:51  Zergling x14  
  189  9:02  Baneling x16  
  182  9:16  Zergling x16  
  190  9:22  Baneling x18  
  190  9:24  Zerg Missile Weapons Level 1  
  190  9:28  Grooved Spines  
  190  9:30  Lurker Den  
  189  9:36  Zergling x2  
  189  9:37  Zergling x8  
  184  9:42  Baneling x7  
  184  9:44  Drone  
  162  9:55  Zergling x22  
  162  9:57  Zerg Flyer Weapons Level 2  
  162  9:58  Baneling x9  
  172  10:07  Hydralisk x5  
  182  10:19  Evolution Chamber  
  181  10:25  Hatchery  
  173  10:29  Baneling x18  
  173  10:30  Hydralisk x4  
  173  10:31  Overlord x2  
  173  10:33  Overlord  
  181  10:37  Seismic Spines  
  181  10:39  Muscular Augments  
  179  10:46  Baneling  
  179  10:47  Baneling x3, Hydralisk  
  179  10:48  Hydralisk x2  
  181  10:54  Zerg Ground Armor Level 1  
  164  11:07  Hydralisk  
  164  11:08  Hydralisk x7  
  164  11:11  Viper x3  
  178  11:12  Overseer  
  187  11:18  Lurker x3  
  187  11:23  Zerg Missile Weapons Level 2  
  188  11:34  Adaptive Talons  
  188  11:35  Hatchery  
  188  11:36  Lurker x5  
  192  11:43  Spore Crawler  
  192  11:45  Spine Crawler  
  192  11:46  Spine Crawler x3, Spore Crawler x2  
  185  11:47  Spine Crawler x2, Spore Crawler  
  185  11:49  Drone x3, Spine Crawler, Overseer  
  185  11:50  Drone  
  185  11:55  Overseer  
  185  11:56  Viper x3  
  194  12:07  Extractor x2, Lurker  
  194  12:08  Spore Crawler  
  192  12:09  Hydralisk  
  192  12:10  Hydralisk x3  
  200  12:25  Hydralisk x2  
  188  12:38  Hydralisk x6  
  200  12:51  Hydralisk x9  
  189  12:59  Hydralisk  
  189  13:00  Hydralisk x2  
  189  13:05  Lurker x6  
  199  13:06  Lurker  
  199  13:09  Zerg Ground Armor Level 2  
  199  13:11  Overseer x2  
  200  13:16  Overlord  
  200  13:20  Overseer  
  200  13:30  Overseer  
  200  13:36  Overseer x3  
  200  13:41  Zerg Missile Weapons Level 3  
  194  13:56  Viper x2  
  194  13:57  Viper  
  197  14:04  Lurker x3  
  200  14:10  Hydralisk  
  196  14:18  Viper  
  199  14:26  Hydralisk  
  189  14:38  Hydralisk  
  189  14:39  Hydralisk x8  
  200  14:48  Overlord x4  
  200  14:55  Overseer  
  200  14:59  Overlord  
  191  15:09  Hydralisk  
  191  15:10  Hydralisk x4  
  193  15:20  Viper x2  
  199  15:22  Drone  
  196  15:35  Overseer  
  196  15:39  Hydralisk x4  
  196  15:42  Overseer  
  200  15:48  Overlord x2  
  189  15:58  Overlord x6  
  171  16:16  Overlord x3  
  171  16:17  Viper x4  
  171  16:18  Overseer  
  180  16:19  Hydralisk x8  
  192  16:35  Hydralisk  
  192  16:36  Hydralisk x9  
  192  16:38  Lurker x2  
  200  16:46  Overseer  
  200  16:51  Hatchery  
  200  16:52  Drone  
  200  16:56  Overseer  
  200  17:04  Hatchery  
  172  17:24  Viper  
  172  17:25  Viper x3  
  172  17:28  Lurker x4  
  172  17:29  Lurker  
  189  17:30  Drone x3  
  189  17:32  Hydralisk x4  
  189  17:35  Extractor  
  199  17:40  Extractor  
  195  17:53  Hydralisk x2  
  199  18:01  Viper x2  
  199  18:03  Extractor  
  199  18:05  Extractor  
  188  18:20  Hydralisk x6  
  200  18:46  Overseer  
  200  18:47  Overseer  
  200  18:52  Viper x2  
  188  19:03  Hydralisk x4, Lurker x4  
  200  19:15  Hydralisk x4  
Tags
 
Add a new tag
Caveats
  • Supply blocks, unpowered buildings, or Contaminate may cause inaccurate times.
  • Supply counts are checked every 10 seconds.